 Dungeon Crawl Stone Soup version 0.24.0-125-gc4c63601f3 (webtiles) character file.

Game seed: 13898837868078491217, levelgen mode: deterministic

833 Peloso the Slasher (level 7, -2/61 HPs)
             Began as a Minotaur Fighter on Mar 4, 2020.
             Was a Follower of Okawaru.
             Slain by a centaur skeleton (5 damage)
             ... on level 6 of the Dungeon.
             The game lasted 00:08:45 (3999 turns).

Peloso the Slasher (Minotaur Fighter)               Turns: 3999, Time: 00:08:45

Health: -2/61      AC:  3    Str: 19    XL:     7   Next: 65%
Magic:  6/6        EV: 10    Int:  5    God:    Okawaru [*.....]
Gold:   174        SH: 10    Dex: 11    Spells: 6/6 levels left

rFire    . . .     SeeInvis .   a - +0 long sword
rCold    . . .     Gourm    +   c - +0 shield
rNeg     . . .     Faith    .   b - +0 scale mail
rPois    .         Spirit   .   (helmet restricted)
rElec    .         Reflect  .   m - scarf {repulsion}
rCorr    .         Harm     .   (no gloves)
MR       .....                  (no boots)
Stlth    ..........             e - amulet of the gourmand
HPRegen  0.20/turn              h - -2 ring of strength (curse)
MPRegen  0.10/turn              l - +2 ring of evasion

@: corroded, repel missiles
A: retaliatory headbutt, horns 2
a: Heroism, Renounce Religion


You were on level 6 of the Dungeon.
You worshipped Okawaru.
Okawaru was aware of your devotion.
You were not hungry.

You visited 2 branches of the dungeon, and saw 7 of its levels.

You collected 174 gold pieces.

Inventory:

Hand Weapons
 a - a +0 long sword (weapon)
Armour
 b - a +0 scale mail (worn)
 c - a +0 shield (worn)
 m - a scarf of repulsion (worn)
Jewellery
 e - an amulet of the gourmand (around neck)
 h - a cursed -2 ring of strength (left hand)
 l - a +2 ring of evasion (right hand)
 n - a +3 amulet of reflection {unknown}
Wands
 q - a wand of digging (4)
 s - a wand of random effects (21)
Scrolls
 g - 2 scrolls of remove curse {unknown}
 i - a scroll of identify {unknown}
 j - 5 scrolls of enchant weapon {unknown}
 o - a scroll of noise {unknown}
 r - a scroll of random uselessness {unknown}
 t - a scroll of teleportation {unknown}
Potions
 d - 2 potions of might
 k - 2 potions of haste {unknown}
Comestibles
 f - 13 rations


   Skills:
 + Level 5.1 Fighting
 + Level 6.6 Long Blades
 + Level 6.2 Armour
 + Level 2.1 Dodging
 + Level 0.5 Stealth
 + Level 5.7 Shields


You had 6 spell levels left.
You didn't know any spells.
Your spell library contained the following spells:

 Spells                   Type           Power        Failure   Level  Hunger
 Corona                   Hex            #......      99%         1    ##.....
 Ensorcelled Hibernation  Hex/Ice        #.....       100%        2    ###....
 Confuse                  Hex            #.......     100%        3    ####...
 Dazzling Spray           Conj/Hex       #.....       100%        3    ####...
 Tukima's Dance           Hex            #.......     100%        3    ####...


Dungeon Overview and Level Annotations

Branches:
Dungeon (6/15)             Temple (1/1) D:4

Altars:
Ashenzari
Cheibriados
Dithmenos
Fedhas
Hepliaklqana
Nemelex Xobeh
Okawaru
Qazlal
Uskayaw
Wu Jian
Zin
The Shining One


Innate Abilities, Weirdness & Mutations

You reflexively headbutt those who attack you in melee.
You have a pair of horns on your head.


Message History

You block the centaur skeleton's attack.
The ogre barely misses you. You furiously retaliate!
You headbutt the ogre, but do no damage.
Unknown command.
You hit the ogre but do no damage.
You headbutt the ogre, but do no damage.
The ogre is heavily wounded.
You block the centaur skeleton's attack.
The ogre barely misses you. You furiously retaliate!
You headbutt the ogre. The centaur skeleton barely misses you.
Unknown command.
You hit the ogre but do no damage. Your headbutt misses the ogre.
The ogre is heavily wounded.
You block the centaur skeleton's attack.
The ogre closely misses you.
Unknown command.
You barely miss the ogre.
The ogre is heavily wounded.
The centaur skeleton hits you.
You die...

###### #.....#
##....... #.....$..
##### #@O......
#...# #.Z>.....
#...# ####........
#...#####...........
#...##....##..?.....
#......######.......
#...#### #.....#
#...# ###### #..<#


You could see an ogre and a centaur skeleton.

Vanquished Creatures
  Menkaure (D:5)
  A phantom (D:5)
  An ogre (D:6)
  A scorpion (D:5)
  2 hounds
  A jelly (D:6)
  An orc priest (D:4)
  An orc wizard (D:4)
  4 bullfrog skeletons
  Ijyb (D:4)
  An iguana (D:5)
  2 worker ants (D:4)
  5 adders
  A shadow imp (D:3)
  An ooze (D:5)
  An adder zombie (D:5)
  2 worms (D:2)
  2 dart slugs (D:1)
  3 leopard geckos
  4 orcs
  2 ball pythons
  6 bats
  5 giant cockroaches
  10 goblins
  5 hobgoblins
  2 quokkas
  3 frilled lizards
  9 kobolds
  10 rats
88 creatures vanquished.

Notes
Turn   | Place    | Note
-------+----------+-------------------------------------------
     0 | D:1      | Peloso the Minotaur Fighter began the quest for the Orb.
     0 | D:1      | Reached XP level 1. HP: 19/19 MP: 0/0
    87 | D:1      | Reached XP level 2. HP: 23/27 MP: 1/1
   400 | D:1      | Reached XP level 3. HP: 33/33 MP: 2/2
   727 | D:2      | Reached skill level 1 in Dodging
   840 | D:2      | Found a glowing golden altar of the Shining One.
   866 | D:2      | Reached XP level 4. HP: 36/40 MP: 3/3
  1580 | D:3      | Found a stormy altar of Qazlal.
  1996 | D:4      | Reached XP level 5. HP: 45/47 MP: 4/4
  2002 | D:4      | Found a hazy altar of Hepliaklqana.
  2687 | D:4      | Found a staircase to the Ecumenical Temple.
  2722 | D:4      | Noticed Ijyb
  2734 | D:4      | Killed Ijyb
  2734 | D:4      | Reached skill level 5 in Long Blades
  2751 | Temple   | Entered the Ecumenical Temple
  2840 | Temple   | Became a worshipper of Warmaster Okawaru
  2908 | D:4      | Reached skill level 5 in Armour
  2908 | D:4      | Reached XP level 6. HP: 55/55 MP: 5/5
  2981 | D:5      | Entered Level 5 of the Dungeon
  3105 | D:5      | Found a hide-covered altar of Uskayaw.
  3225 | D:5      | Noticed Menkaure
  3233 | D:5      | Killed Menkaure
  3233 | D:5      | Reached skill level 5 in Fighting
  3233 | D:5      | Reached skill level 5 in Shields
  3233 | D:5      | Reached XP level 7. HP: 6/61 MP: 6/6
  3721 | D:5      | Reached * piety under Okawaru
  3799 | D:5      | Found a blossoming altar of Fedhas.
  3993 | D:6      | HP: 2/61 [ogre/+0 giant spiked club (9)]
  3999 | D:6      | Slain by a centaur skeleton

Levels and vault maps discovered:
D:1:      dpeg_arrival_arbitrary_b, layout_loops_ring
D:2:      layout_basic, lemuel_doored_altar, st_stairs_4
D:3:      layout_basic, nicolae_overflow_hidden_temple
D:4:      layout_basic, old_standard_altar, temple_statues, first_ration,
          corexii_checkpoint_a, uniq_ijyb
D:5:      layout_basic, grunt_temple_overflow_open, uniq_menkaure
D:6:      layout_rooms, marbit_many_paths, minmay_between, uniq_grinder
Temple:   regret_index_temple_generic_petals

Skill      XL: |  1  2  3  4  5  6  7 |
---------------+----------------------+-----
Fighting       | 4 5 |  5.1
Armour         | 4 5 6 |  6.2
Long Blades    | 3 4 5 6 |  6.6
Dodging        | 1 2 |  2.1
Shields        | 4 5 |  5.7
Stealth        | |  0.5

Action                   |  1- 3 |  4- 6 |  7- 9 || total
-------------------------+-------+-------+-------++-------
Melee: Long sword        |    94 |   115 |    37 ||   246
       Headbutt          |    15 |    20 |    10 ||    45
  Use: Potion            |       |     1 |     1 ||     2
  Eat: Chunk             |       |     4 |       ||     4
       Ration            |       |     1 |     1 ||     2
Armor: Scale mail        |    34 |    44 |    10 ||    88
Dodge: Dodged            |    32 |    42 |    16 ||    90
       Deflected         |       |     1 |       ||     1
Block: Shield            |    39 |    67 |    24 ||   130
       Rpst.: Long sword |     9 |    14 |     3 ||    26
